 Dungeon Crawl Stone Soup version 0.30.0-19-g36f170ea60 (webtiles) character file.

Game seed: 1612531346067773865

144 cheesebisquit the Chopper (level 5, 0/46 HPs)
             Began as a Hill Orc Fighter on May 27, 2023.
             Slain by an ogre
             ... wielding a +0 giant club
              (7 damage)
             ... on level 3 of the Dungeon.
             The game lasted 00:05:11 (2198 turns).

cheesebisquit the Chopper (Hill Orc Fighter)        Turns: 2198, Time: 00:05:12

Health: 0/46       AC: 11    Str: 21    XL:     5   Next: 27%
Magic:  14/14      EV:  8    Int:  8    God:
Gold:   120        SH:  4    Dex: 10    Spells: 4/4 levels left

rFire   . . .        a - +0 war axe
rCold   . . .        c - +0 buckler
rNeg    . . .        q - +0 chain mail
rPois   .            j - +0 helmet
rElec   .            (no cloak)
rCorr   +            (no gloves)
SInv    .            o - +0 pair of boots
Will    .....        (no amulet) Stlth
                     m - ring of magical power
HPRegen 0.27/turn    n - ring of resist corrosion
MPRegen 0.14/turn

%: no passive effects
@: flying
A: no striking features
a: no special abilities


You were on level 3 of the Dungeon.
You visited 1 branch of the dungeon, and saw 3 of its levels.

You collected 120 gold pieces.

Inventory:

Hand Weapons
 a - a +0 war axe (weapon)
Armour
 c - a +0 buckler (worn)
 j - a +0 helmet (worn)
 o - a +0 pair of boots (worn)
 q - a +0 chain mail (worn)
Jewellery
 m - a ring of magical power (left hand)
 n - a ring of resist corrosion (right hand)
Scrolls
 f - 3 scrolls of fog {unknown}
 g - a scroll of teleportation {unknown}
 h - 4 scrolls of identify {unknown}
 k - a scroll of acquirement {unknown}
 l - a scroll of noise {unknown}
Potions
 d - a potion of degeneration {unknown}
 e - a potion of flight
 i - a potion of heal wounds {unknown}
 p - a potion of curing {unknown}


   Skills:
 - Level 4.2 Fighting
 * Level 5.1 Axes
 - Level 3.7 Armour
 - Level 1.0 Dodging
 - Level 1.0 Stealth
 - Level 3.7 Shields


You had 4 spell levels left.
You didn't know any spells.
Your spell library contained the following spells:

 Spells                   Type           Power      Damage    Failure   Level
 Ensorcelled Hibernation  Hex/Ice        0%         N/A       99%         2
 Spider Form              Tmut/Pois      0%         N/A       100%        3
 Volatile Blastmotes      Fire/Tloc      0%         2d10      100%        3
 Anguish                  Hex/Necr       0%         N/A       100%        4
 Fulminant Prism          Conj/Hex       0%         3d5       100%        4
 Iskenderun's Mystic Bla  Conj/Tloc      0%         2d3       100%        4
 Lee's Rapid Deconstruct  Erth           0%         3d4*      100%        5


Dungeon Overview and Level Annotations

Branches:
Dungeon (3/15)

Altars:

Shops:
D:2 (


Message History

You barely miss the orc.
The orc is almost dead.
You barely miss the orc wizard. The orc hits you with a +0 club.
The orc wizard closely misses you.
You slice the orc!!
You kill the orc!
You slash the rat!
You kill the rat!
You barely miss the orc wizard.
The orc wizard points at you and mumbles some strange words.
The magic dart hits you.
You hit the orc wizard.
The orc wizard is moderately wounded.
The orc wizard hits you but does no damage.
The ogre hits you with a +0 giant club!!
Ouch! That really hurt!
* * * LOW HITPOINT WARNING * * *
The orc wizard barely misses you.
Okay, then.
It was a potion of flight.
You feel very buoyant.
You fly up into the air.
The orc wizard hits you with a +0 dagger.
* * * LOW HITPOINT WARNING * * *
Okay, then.
You barely miss the orc wizard.
The orc wizard is moderately wounded.
You slash the ogre! The ogre misses you.
The orc wizard hits you but does no damage.
You hit the orc wizard but do no damage.
The orc wizard is moderately wounded.
You hit the ogre but do no damage.
The orc wizard hits you but does no damage.
The ogre hits you with a +0 giant club.
* * * LOW HITPOINT WARNING * * *
You closely miss the orc wizard.
The orc wizard is moderately wounded.
You barely miss the ogre. The orc wizard barely misses you.
The ogre hits you with a +0 giant club!
You die...

#.# #######.#
#.......####
#..........#
#..........#
#...$......##..
#.....o).......
#..)@O......
########.... .


You could see an ogre and an orc wizard.

Vanquished Creatures
  Robin (D:2)
  4 gnolls
  An adder (D:2)
  2 worms (D:2)
  2 dart slugs (D:2)
  4 orcs (D:3)
  6 endoplasms
  A giant cockroach (D:2)
  8 goblins
  13 hobgoblins
  9 jackals
  3 quokkas
  2 ball pythons
  4 bats
  A frilled lizard (D:2)
  3 kobolds (D:2)
  3 rats
67 creatures vanquished.

Notes
Turn   | Place    | Note
-------+----------+-------------------------------------------
     0 | D:1      | cheesebisquit the Hill Orc Fighter began the quest for the
                  | Orb.
     0 | D:1      | Reached XP level 1. HP: 19/19 MP: 1/1
    46 | D:1      | Reached skill level 3 in Axes
    59 | D:1      | Reached XP level 2. HP: 27/27 MP: 2/2
   418 | D:1      | Found a faded altar of an unknown god.
   476 | D:1      | Reached XP level 3. HP: 29/33 MP: 3/3
  1019 | D:2      | Found Ciekkuop's Antique Weapon Shoppe.
  1307 | D:1      | Reached XP level 4. HP: 25/40 MP: 4/4
  1389 | D:2      | Reached skill level 4 in Axes
  1490 | D:2      | Noticed Robin
  1495 | D:2      | Reached skill level 1 in Dodging
  1524 | D:2      | Killed Robin
  1528 | D:2      | Reached skill level 1 in Stealth
  1808 | D:2      | Reached XP level 5. HP: 42/46 MP: 5/5
  2188 | D:3      | Noticed an ogre
  2190 | D:3      | Reached skill level 5 in Axes
  2198 | D:3      | Slain by an ogre

Illustrated notes

Levels and vault maps discovered:
D:1:      lightli_arrival_lavapool, layout_loops_cross,
          ebering_ecumenical_altar_webs
D:2:      minmay_razor_zed, layout_loops_ring, serial_shops, shop, uniq_robin
D:3:      kennysheep_six_static_rooms, layout_basic, dancing_weapons_uskayaw,
          gammafunk_temple_overflow_wave, minmay_misc_feat_tiny

Skill      XL: |  1  2  3  4  5 |
---------------+----------------+-----
Axes           | 3 4 5 |  5.1
Fighting       | 4 |  4.2
Dodging        | 1 |  1.0
Stealth        | 1 |  1.0
Armour         | |  3.7
Shields        | |  3.7

Action                     |  1- 3 |  4- 6 || total
---------------------------+-------+-------++-------
  Melee: War axe           |    96 |   102 ||   198
    Use: Potion            |       |     2 ||     2
 Armour: Scale mail        |    42 |    49 ||    91
         Chain mail        |       |     4 ||     4
  Dodge: Dodged            |    44 |    47 ||    91
  Block: Buckler           |    25 |    24 ||    49
